 Dungeon Crawl Stone Soup version 0.30.0-18-gf1372a6a44 (webtiles) character file.

Game seed: 8060599589759347468

213 qw the Chopper (level 5, 0/32 HPs)
             Began as a Gargoyle Fighter on May 21, 2023.
             Slain by Duvessa
             ... wielding a +0 short sword
              (2 damage)
             ... on level 4 of the Dungeon.
             The game lasted 00:01:01 (2505 turns).

qw the Chopper (Gargoyle Fighter)                   Turns: 2505, Time: 00:01:01

Health: 0/32       AC: 13    Str: 22    XL:     5   Next: 90%
Magic:  5/5        EV:  8    Int:  8    God:
Gold:   102        SH:  5    Dex: 15    Spells: 4/4 levels left

rFire   . . .        Y - +3 war axe
rCold   . . .        c - +0 buckler
rNeg    + . .        n - +0 chain mail
rPois   inf          (no helmet)
rElec   +            (no cloak)
rCorr   .            (no gloves)
SInv    .            (no boots)
Will    .....        (no amulet) Stlth
                     h - +6 ring of dexterity
HPRegen 0.25/turn    (no ring)
MPRegen 0.09/turn

%: no passive effects
@: lit by a corona, glowing
A: sickness immunity, AC +4, negative energy resistance 1, electricity
resistance, torment resistance 1, petrification resistance
a: no special abilities


You were on level 4 of the Dungeon.
You visited 1 branch of the dungeon, and saw 4 of its levels.

You collected 102 gold pieces.


Innate Abilities, Weirdness & Mutations

You are immune to sickness and miasma.
Your stone body is resilient. (AC +4)
You are immune to poison.
You resist negative energy. (rN+)
You are resistant to electric shocks. (rElec)
You are resistant to unholy torment.
You are immune to petrification.


   Skills:
 + Level 3.2 Fighting
 - Level 5.2 Axes
 - Level 3.2 Armour
 - Level 1.0 Dodging
 - Level 3.2 Shields


You had 4 spell levels left.
You didn't know any spells.
Your spell library was empty.

Inventory:

Hand Weapons
 l - a +0 flail
 Y - a +3 war axe (weapon)
Armour
 c - a +0 buckler (worn)
 n - a +0 chain mail (worn)
Jewellery
 h - a +6 ring of dexterity (left hand)
Scrolls
 a - a scroll of identify
Potions
 d - 3 potions of might
 f - a potion of cancellation
 g - a potion of mutation
 i - a potion of heal wounds
 m - a potion of lignification {unknown}

Dungeon Overview and Level Annotations

Branches:
Dungeon (4/15)
 Temple: D:4-7

Altars:
Qazlal

Annotations:
D:4 Dowan, Duvessa


Message History

Duvessa zaps a wand.
The bolt of dispelling energy hits you.
Dowan shouts!
Duvessa zaps a wand.
The bolt of dispelling energy misses you.
You slash the bullfrog!
The bullfrog is moderately wounded.
The bullfrog hits you. The bullfrog barely misses you.
Dowan points at you and mumbles some strange words.
You resist with some effort.
You slash the bullfrog!
The bullfrog is severely wounded.
The bullfrog hits you but does no damage. x2
You closely miss the bullfrog.
The bullfrog is severely wounded.
The bullfrog closely misses you.
Dowan points at you and mumbles some strange words.
You are outlined in light.
The bullfrog hits you.
You completely miss the bullfrog.
The bullfrog is severely wounded.
The bullfrog hits you but does no damage. x2
Duvessa zaps a wand.
The bolt of dispelling energy hits you.
Your magical effects are unravelling.
Dowan casts a spell at you. The puff of flame hits you!
You slash the bullfrog!
You kill the bullfrog!
You are no longer glowing.
Dowan gestures at you while chanting.
You are outlined in light.
Your Axes skill increases to level 5!
You slash Duvessa!
Duvessa is heavily wounded.
Duvessa hits you with a +0 short sword.
You slash Duvessa!
Duvessa is almost dead.
You hit Dowan.
Dowan gestures wildly while chanting.
Dowan blinks!
Duvessa drinks a potion.
Duvessa is healed!
Duvessa hits you with a +0 short sword.
You die...

#### .... ###...# # ....
.....# .# ..... .....
..# .!...###+##.#.##..#
#........##.#.....#
#........#........#.
#.....ยค.............
#.....e@##.%........
.......%##.#.####...
.e.....!##.#...###
........##.##....###
#.......##.##......#
........##.#.......#####
#####......#.....####..#
#..#####...####.....
#.####.....#.


You could see Duvessa and Dowan.

Vanquished Creatures
  A bullfrog (D:4)
  An orc priest (D:3)
  An orc wizard (D:3)
  3 adders
  3 dart slugs
  6 orcs (D:3)
  3 endoplasms
  A giant cockroach (D:3)
  3 goblins
  5 hobgoblins
  9 kobolds
  3 quokkas
  9 ball pythons
  4 bats
  2 frilled lizards
  8 rats
62 creatures vanquished.

Notes
Turn   | Place    | Note
-------+----------+-------------------------------------------
     0 | D:1      | qw the Gargoyle Fighter began the quest for the Orb.
     0 | D:1      | Reached XP level 1. HP: 14/14 MP: 1/1
     0 | D:1      | 0 ||| qw: Version: 0.2-a-98-g5d7165a
     0 | D:1      | 0 ||| qw: Game counter: 2
     0 | D:1      | 0 ||| qw: Always use a shield: true
     0 | D:1      | 0 ||| qw: God list: Okawaru
     0 | D:1      | 0 ||| qw: Allow faded altars: false
     0 | D:1      | 0 ||| qw: Do Orc after D:15 true
     0 | D:1      | 0 ||| qw: Do second Lair branch before Depths: true
     0 | D:1      | 0 ||| qw: Lair rune preference: random
     0 | D:1      | 0 ||| qw: Plans: Normal, Zot:1-4, God:TSO, Crypt, Tomb,
                  | Pan, Slime:5, Hells, Abyss, Win
     0 | D:1      | 0 ||| PLANNING D:1-11
    34 | D:1      | Reached skill level 2 in Axes
   164 | D:1      | Reached XP level 2. HP: 19/19 MP: 2/2
   299 | D:1      | Found a faded altar of an unknown god.
   574 | D:1      | 574 ||| READING 2 scrolls labelled JEADUAM WAOK.
   575 | D:1      | 575 ||| READING 2 scrolls labelled XARUSM KUARUU.
   576 | D:1      | 576 ||| READING scroll of enchant weapon.
   576 | D:1      | 576 ||| ENCHANTING +1 war axe.
   577 | D:1      | 577 ||| READING scroll labelled JOLOPR IVIROE.
   578 | D:1      | 578 ||| READING scroll labelled AKOOFO NEATROD.
   579 | D:1      | 579 ||| READING scroll labelled VYHI TAM DETS.
   711 | D:2      | Reached skill level 3 in Axes
   832 | D:2      | Reached XP level 3. HP: 23/23 MP: 3/3
  1262 | D:2      | 1262 ||| Stepping ~*~*~tactically~*~*~ (hiding).
  1480 | D:2      | You fall into a shaft and drop 1 floor!
  1489 | D:3      | 1489 ||| Stepping ~*~*~tactically~*~*~ (stealth).
  1491 | D:3      | 1491 ||| UPGRADING to +6 ring of dexterity.
  1492 | D:3      | 1492 ||| READING scroll labelled TEPTAI ZESATI.
  1578 | D:3      | 1578 ||| Stepping ~*~*~tactically~*~*~ (hiding).
  1583 | D:3      | 1583 ||| Stepping ~*~*~tactically~*~*~ (hiding).
  1584 | D:3      | 1584 ||| Stepping ~*~*~tactically~*~*~ (hiding).
  1598 | D:3      | 1598 ||| DROPPING +0 whip.
  1645 | D:3      | Found a stormy altar of Qazlal.
  1659 | D:3      | 1659 ||| Stepping ~*~*~tactically~*~*~ (stealth).
  1676 | D:3      | Reached skill level 1 in Dodging
  1720 | D:3      | 1720 ||| Stepping ~*~*~tactically~*~*~ (stealth).
  1727 | D:3      | Reached XP level 4. HP: 28/28 MP: 4/4
  1745 | D:3      | Reached skill level 4 in Axes
  1935 | D:3      | Reached XP level 5. HP: 32/32 MP: 5/5
  1935 | D:3      | 1935 ||| Stepping ~*~*~tactically~*~*~ (stealth).
  2221 | D:3      | 2221 ||| READING scroll of enchant weapon.
  2221 | D:3      | 2221 ||| ENCHANTING +2 war axe.
  2357 | D:3      | 2357 ||| UPGRADING to +0 chain mail.
  2367 | D:3      | 2367 ||| DROPPING +0 scale mail.
  2368 | D:3      | 2368 ||| DRINKING 2 inky potions.
  2369 | D:3      | 2369 ||| READING 4 scrolls of identify.
  2369 | D:3      | 2369 ||| IDENTIFYING bubbling emerald potion
  2370 | D:3      | 2370 ||| READING 3 scrolls of identify.
  2370 | D:3      | 2370 ||| IDENTIFYING bubbling black potion
  2371 | D:3      | 2371 ||| READING 2 scrolls of identify.
  2371 | D:3      | 2371 ||| IDENTIFYING pink potion
  2372 | D:3      | 2372 ||| DROPPING potion of magic.
  2373 | D:3      | 2373 ||| DROPPING potion of brilliance.
  2497 | D:4      | Noticed Duvessa
  2497 | D:4      | Noticed Dowan
  2502 | D:4      | HP: 5/32 [Dowan/puff of flame (11)]
  2504 | D:4      | Reached skill level 5 in Axes
  2504 | D:4      | HP: 2/32 [Duvessa/+0 short sword (4)]
  2505 | D:4      | Slain by Duvessa

Levels and vault maps discovered:
D:1:      pf_arrival_petrified_forest, layout_rooms,
          dreamdust_ecumenical_altar_grove
D:2:      layout_loops_corners
D:3:      layout_basic, grunt_qazlal_sundering, minmay_crystal_water
D:4:      layout_basic, minmay_temple_entry_glassed_door,
          ebering_ghost_inner_flame, chequers_jeans, kennysheep_path_1,
          minmay_misc_feat_x, uniq_natasha, uniq_crazy_yiuf_cottage,
          uniq_duvessa

Skill      XL: |  1  2  3  4  5 |
---------------+----------------+-----
Axes           | 2 3 4 5 |  5.2
Dodging        | 1 |  1.0
Fighting       | |  3.2
Armour         | |  3.2
Shields        | |  3.2

Action                     |  1- 3 |  4- 6 || total
---------------------------+-------+-------++-------
  Melee: War axe           |    89 |    22 ||   111
  Throw: Boomerang         |    18 |    23 ||    41
    Use: Scroll            |     7 |     4 ||    11
         Potion            |       |     1 ||     1
 Armour: Scale mail        |    34 |       ||    34
         Chain mail        |       |    10 ||    10
  Dodge: Dodged            |    38 |     8 ||    46
  Block: Buckler           |    13 |     1 ||    14

Table legend:
 A = Non-vault XP
 B = Vault XP
 C = Vault XP percentage of total XP
 D = Non-vault monster count
 E = Vault monster count
 F = Vault count percentage of total count
                 A         B        C        D         E       F
            +---------+---------+-------+---------+---------+-------
      Total |     305 |       0 |   0.0 |      62 |       0 |   0.0
            +---------+---------+-------+---------+---------+-------
        D:1 |      29 |       0 |   0.0 |      16 |       0 |   0.0
        D:2 |      21 |       0 |   0.0 |      14 |       0 |   0.0
        D:3 |     138 |       0 |   0.0 |      27 |       0 |   0.0
        D:4 |     117 |       0 |   0.0 |       5 |       0 |   0.0
            +---------+---------+-------+---------+---------+-------
